Map: Cresta di Lerilak

Players

Fätze - Winner!

  • Race: Terran Terran
  • League: Silver

Jhyrachy

  • Race: Zerg Zerg
  • League: Silver

VOD

Have the link to the VOD?

Description

Time

  • Played on: Dec. 10, 2015, 12:33 p.m.
  • Length: 25:08
Show
View Real Time Build Order
Export as new Build Order

Fätze Terran - Winner!

Build Orders: Liberator Opening 

Get SALT Encoding   

  12  0:01  SCV  
  13  0:14  Supply Depot  
  13  0:18  SCV  
  14  0:30  SCV  
  15  0:37  Barracks  
  16  0:42  SCV  
  16  0:47  Refinery  
  16  0:55  Refinery, SCV  
  17  1:07  SCV  
  18  1:12  Supply Depot  
  18  1:24  Orbital Command  
  18  1:36  Reaper  
  19  1:52  Supply Depot  
  19  2:00  Factory  
  19  2:09  Marine  
  20  2:17  SCV  
  21  2:27  Marine  
  23  2:30  SCV  
  23  2:45  Marine  
  23  2:50  Starport  
  24  2:51  Factory Reactor  
  24  3:00  Engineering Bay  
  24  3:11  Marine  
  25  3:23  Liberator  
  25  3:25  Command Center  
  25  3:27  Liberator  
  25  3:29  Marine  
  26  3:40  Factory Reactor  
  29  3:46  Marine  
  33  4:19  Liberator  
  32  4:29  Widow Mine x2  
  39  4:43  SCV  
  39  4:44  Refinery  
  40  4:55  SCV  
  40  4:58  Widow Mine x2  
  45  5:08  SCV  
  43  5:57  Planetary Fortress  
  43  6:01  Liberator x2  
  49  6:28  Marine  
  49  6:30  Widow Mine x2  
  54  6:55  Marine  
  54  6:58  Widow Mine  
  54  7:00  Widow Mine  
  52  7:12  Marine  
  50  7:28  Supply Depot, SCV  
  48  7:30  Marine  
  48  7:31  Supply Depot x2, SCV  
  48  7:32  Supply Depot  
  48  7:33  Supply Depot  
  50  7:40  SCV  
  50  7:43  SCV  
  52  7:48  Marine  
  53  7:52  SCV, Supply Depot  
  53  7:55  SCV, Supply Depot  
  53  7:56  Supply Depot  
  55  8:03  Liberator  
  55  8:04  SCV  
  50  8:16  Marine, SCV  
  50  8:18  Widow Mine x2  
  59  8:34  Marine  
  57  8:47  Widow Mine x2  
  61  8:52  Marine  
  58  9:44  Liberator x2  
  58  9:50  Marine  
  56  9:55  SCV  
  63  10:07  Marine, SCV  
  65  10:16  Widow Mine x2  
  65  10:19  SCV  
  65  10:20  SCV  
  71  10:25  Marine  
  71  10:27  Liberator x2  
  72  10:31  Command Center, SCV  
  72  10:32  SCV  
  74  10:43  Marine  
  74  10:44  Widow Mine x2, SCV  
  74  10:45  Command Center  
  74  10:49  Refinery  
  86  10:52  Armory  
  86  10:53  Armory  
  86  10:56  SCV  
  87  11:01  Marine  
  88  11:08  SCV  
  88  11:10  Liberator  
  89  11:13  Widow Mine x2  
  93  13:05  Liberator  
  93  13:06  Liberator  
  99  13:48  Liberator x2  
  99  13:57  Starport  
  99  13:58  Starport  
  99  14:04  Starport  
  85  15:10  Starport Tech Lab  
  85  15:11  Starport Tech Lab  
  85  15:12  Starport Tech Lab  
  85  15:20  Fusion Core  
  85  15:22  Terran Vehicle Weapons Level 1  
  85  15:23  Terran Vehicle And Ship Armor Level 1  
  81  15:44  Widow Mine x2  
  81  15:49  Planetary Fortress  
  85  15:57  Missile Turret  
  85  16:02  Missile Turret  
  85  16:06  SCV  
  86  16:12  Widow Mine x2  
  86  16:13  Missile Turret x2  
  86  16:18  SCV  
  91  16:30  SCV  
  84  16:41  Widow Mine x2  
  84  16:42  SCV  
  89  16:53  Missile Turret x2  
  88  16:54  SCV  
  88  17:06  Battlecruiser x2  
  100  17:14  Refinery  
  93  17:59  Refinery x2  
  93  18:09  Marine  
  94  18:16  Weapon Refit  
  94  18:22  Advanced Ballistics  
  94  18:27  Marine  
  95  18:37  SCV  
  96  18:44  Marine  
  97  19:02  Marine  
  81  19:20  Marine  
  70  19:53  Marine  
  71  20:10  Widow Mine  
  71  20:11  Marine  
  74  20:15  Battlecruiser x2  
  74  20:17  Starport Tech Lab  
  86  20:26  Planetary Fortress  
  86  20:29  Marine  
  85  20:38  Widow Mine  
  86  20:47  Marine  
  83  21:04  Marine  
  83  21:07  Widow Mine  
  77  21:19  Battlecruiser x2  
  89  21:33  Battlecruiser  
  89  21:35  Widow Mine  
  89  21:37  Terran Ship Weapons Level 1  
  97  21:45  Refinery  
  97  22:04  Widow Mine  
  99  22:23  Battlecruiser x2  
  111  22:32  Liberator x2  
  117  22:55  Battlecruiser  
  123  23:15  Liberator x2  
  123  23:16  Factory Reactor, Command Center  
  123  23:21  SCV  
  123  23:25  SCV  
  125  23:29  SCV  
  132  23:45  Supply Depot  
  132  23:46  Supply Depot  
  132  24:07  SCV x3  
  132  24:09  Supply Depot x2  
  135  24:19  SCV x3  
  138  24:31  SCV x2  
  140  24:34  Supply Depot x2  
  140  24:43  SCV x2  
  142  24:58  Supply Depot  
  142  25:00  Supply Depot  
Show
View Real Time Build Order
Export as new Build Order

Jhyrachy Zerg 

Build Orders: Hatch First 

Get SALT Encoding   

  12  0:01  Drone  
  13  0:13  Overlord  
  13  0:18  Drone  
  14  0:31  Drone x2  
  16  0:37  Drone  
  17  0:55  Hatchery  
  16  0:58  Drone  
  17  1:06  Extractor, Drone  
  17  1:16  Spawning Pool  
  16  1:21  Drone  
  18  1:32  Drone  
  18  1:33  Overlord  
  18  1:43  Drone  
  19  1:50  Drone  
  20  2:04  Queen  
  20  2:08  Queen  
  24  2:10  Metabolic Boost  
  24  2:16  Zergling x4  
  26  2:33  Drone x4  
  26  2:34  Drone  
  30  3:14  Queen  
  30  3:15  Hatchery  
  30  3:19  Extractor  
  30  3:20  Drone  
  30  3:21  Drone x2  
  33  3:29  Baneling Nest  
  33  3:34  Drone x3  
  35  3:36  Overlord x2  
  35  4:06  Drone x2  
  35  4:07  Drone x3  
  35  4:08  Overlord  
  35  4:09  Overlord  
  40  4:35  Overlord x2  
  40  4:36  Overlord  
  40  4:45  Roach Warren  
  39  4:57  Zergling x2  
  39  4:58  Zergling x20  
  50  5:04  Hatchery  
  50  5:05  Baneling  
  37  5:19  Evolution Chamber  
  37  5:20  Queen  
  37  5:21  Queen  
  25  5:52  Baneling x3  
  25  6:06  Roach x3  
  25  6:07  Roach x2  
  35  6:30  Ravager x2  
  35  6:31  Ravager x2  
  35  6:32  Ravager  
  40  6:39  Drone x2  
  43  6:40  Drone  
  38  7:10  Drone x5  
  43  7:52  Drone x5  
  43  7:53  Drone  
  34  9:59  Overlord x2  
  34  10:00  Overlord x2  
  34  10:22  Roach  
  34  10:23  Roach x20  
  76  10:30  Lair  
  76  10:32  Drone  
  76  10:33  Drone x8  
  75  11:13  Ravager x6  
  81  12:18  Overlord x4  
  43  12:55  Spire  
  42  13:01  Extractor  
  42  13:03  Extractor  
  40  13:31  Overlord x3  
  40  13:32  Overlord  
  38  14:11  Mutalisk x13  
  38  14:12  Mutalisk x5  
  74  14:30  Queen  
  52  14:56  Queen  
  52  15:15  Overseer x2  
  52  16:00  Zergling x2  
  52  16:01  Zergling x30  
  52  16:02  Zergling x46  
  57  17:03  Baneling x2  
  57  17:04  Baneling x6  
  48  17:40  Queen  
  50  17:51  Corruptor  
  50  17:52  Corruptor x11  
  68  19:36  Extractor  
  49  19:54  Zergling x2  
  49  19:55  Extractor, Zergling x44  
  49  19:56  Zergling x30  
  74  20:22  Hatchery  
  35  21:34  Drone  
  35  21:35  Drone x12  
  48  22:03  Queen  
  50  22:33  Zerg Ground Armor Level 1  
  50  22:52  Hatchery  
  49  23:31  Drone x4  
  53  23:45  Overlord x4  
  53  24:02  Corruptor x9  
  71  24:22  Corruptor x3  
Tags
 
Add a new tag
Caveats
  • Supply blocks, unpowered buildings, or Contaminate may cause inaccurate times.
  • Supply counts are checked every 10 seconds.